[Event "Team 45 45 League T95"]
[Site "Internet Chess Club"]
[Date "2023.02.11"]
[Round "5"]
[White "ElValero"]
[Black "Gojira"]
[Result "0-1"]
[WhiteElo "1641"]
[BlackElo "1606"]
[Opening "Queen's pawn game"]
[ECO "D02"]
[Time "10:01:37"]
[PlyCount "40"]
[TimeControl "2700+45"]

1. d4 d5 2. Nf3 c6 3. Bf4 Qb6 4. Qc1 Nf6 5. e3 Bf5 6. Nbd2 Nbd7 7. Be2 Nh5 8.
Bg5 h6 9. Nh4 hxg5 10. Nxf5 g6 11. Ng3 Nxg3 12. fxg3 e5 13. c3 Bd6 14. O-O e4
15. c4 Rc8 16. c5 Nxc5 17. dxc5 Bxc5 18. Qc2 Bxe3+ 19. Kh1 Ke7 20. Nxe4 Rxh2+
{White resigns} 0-1

[Event "Team 45 45 League T95"]
[Site "Internet Chess Club"]
[Date "2023.02.10"]
[Round "5"]
[White "BlueStorm"]
[Black "julesraider"]
[Result "0-1"]
[WhiteElo "1493"]
[BlackElo "1620"]
[Opening "Caro-Kann: closed (Breyer) variation"]
[ECO "B10"]
[Time "13:00:51"]
[PlyCount "72"]
[TimeControl "2700+45"]

1. e4 c6 2. d3 d5 3. Nd2 e5 4. Ngf3 Bg4 5. g3 Nf6 6. Bg2 Bd6 7. O-O O-O 8. h3
Bd7 9. d4 dxe4 10. Nxe5 e3 11. fxe3 Be6 12. c4 Qc7 13. Ne4 Nxe4 14. Bxe4 Bxe5
15. dxe5 Qxe5 16. Qf3 Bxh3 17. Rf2 f5 18. Bc2 Nd7 19. Qf4 Rad8 20. Qxe5 Nxe5 21.
b3 Nd3 22. Rh2 Nxc1 23. Rxh3 Ne2+ 24. Kf2 Nc3 25. Ke1 g6 26. b4 Rfe8 27. Bb3
Rxe3+ 28. Kf2 Re2+ 29. Kf1 Rdd2 30. c5+ Kg7 31. g4 Rf2+ 32. Kg1 Rg2+ 33. Kh1 Ne4
34. Rf3 Rh2+ 35. Kg1 Rdg2+ 36. Kf1 Nd2+ {White resigns} 0-1

[Event "Team 45 45 League T95"]
[Site "Internet Chess Club"]
[Date "2023.02.10"]
[Round "5"]
[White "mongmong"]
[Black "Rookmaster"]
[Result "0-1"]
[WhiteElo "1436"]
[BlackElo "1616"]
[Opening "Queen's Pawn"]
[ECO "A54"]
[Time "21:01:51"]
[PlyCount "50"]
[TimeControl "2700+45"]

1. d4 d6 2. Nf3 Nf6 3. c4 Nbd7 4. Nc3 e5 5. dxe5 dxe5 6. e4 c6 7. Bg5 Be7 8. Be2
Qc7 9. Qc2 h6 10. Bh4 Nf8 11. Bg3 Ng6 12. h3 Nf4 13. O-O g5 14. Nh2 Rg8 15. Qd1
Be6 16. b3 Rd8 17. Qc2 Bb4 18. Bxf4 exf4 19. f3 Bc5+ 20. Kh1 Nh5 21. Ng4 Bxg4
22. hxg4 Ng3+ 23. Kh2 h5 24. e5 hxg4 25. Qh7 Ke7 {White resigns} 0-1

[Event "Team 45 45 League T95"]
[Site "Internet Chess Club"]
[Date "2023.02.13"]
[Round "5"]
[White "CMAlge"]
[Black "Toalla"]
[Result "1-0"]
[WhiteElo "1337"]
[BlackElo "1144"]
[Opening "Queen's pawn: Chigorin variation"]
[ECO "D00"]
[Time "17:30:22"]
[PlyCount "49"]
[TimeControl "2700+45"]

1. d4 d5 2. Nc3 e6 3. Bf4 Bd6 4. e3 Nf6 5. Bd3 Nbd7 6. Nf3 O-O 7. Ne5 Re8 8. g4
Bxe5 9. dxe5 Ne4 10. Nxe4 dxe4 11. Bxe4 Qh4 12. Qf3 Rb8 13. O-O-O Nc5 14. Bd3
Bd7 15. Rhg1 a6 16. g5 Bc6 17. Qg3 Qxg3 18. Rxg3 Be4 19. Be2 Rbd8 20. Rd4 Bg6
21. h4 Ne4 22. Rg2 c5 23. Rd1 Rxd1+ 24. Bxd1 Rd8 25. f3 {Black resigns} 1-0

[Event "Team 45 45 League T95"]
[Site "Internet Chess Club"]
[Date "2023.02.14"]
[Round "5"]
[White "xingon"]
[Black "herrahuu"]
[Result "1/2-1/2"]
[WhiteElo "1338"]
[BlackElo "1461"]
[Opening "Sicilian: dragon, Yugoslav attack, 9.Bc4"]
[ECO "B77"]
[Time "12:26:33"]
[PlyCount "132"]
[TimeControl "2700+45"]

1. e4 c5 2. Nf3 d6 3. d4 cxd4 4. Nxd4 Nf6 5. Nc3 g6 6. Be3 Bg7 7. Bc4 O-O 8. f3
Nc6 9. Qd2 Nxd4 10. Bxd4 Be6 11. Bxe6 fxe6 12. O-O-O Nd7 13. Bxg7 Kxg7 14. Qd4+
e5 15. Qe3 Qa5 16. Kb1 Rfc8 17. h4 h5 18. g4 Rxc3 19. Qxc3 Qxc3 20. bxc3 Nf6 21.
gxh5 Nxh5 22. Rhg1 Nf4 23. Kb2 Rc8 24. Rd2 Kh6 25. Kb3 Rf8 26. Rg3 Nh5 27. Rh3
Nf4 28. Rh1 Nh5 29. Rf2 Ng3 30. Rh3 Nxe4 31. Rg2 Nf6 32. Rhg3 Rg8 33. c4 Nh5 34.
Rg4 Nf4 35. Rg1 Ne2 36. Re1 Nd4+ 37. Rxd4 exd4 38. Rxe7 Rf8 39. Rxb7 Rxf3+ 40.
Kb4 Rc3 41. Rxa7 Rxc2 42. Ra6 d3 43. Rxd6 Rd2 44. a4 Rd1 45. Kc3 Ra1 46. Kb3 Rd1
47. c5 d2 48. Kc2 Rc1+ 49. Kxd2 Rxc5 50. Rd3 Rc4 51. Ra3 Rxh4 52. a5 Rh2+ 53.
Ke1 Rb2 54. a6 Rb8 55. a7 Ra8 56. Kf2 g5 57. Kg3 Kh5 58. Ra1 g4 59. Ra5+ Kg6 60.
Kxg4 Kf7 61. Kf5 Ke7 62. Ke5 Kd7 63. Kd5 Kc7 64. Kc5 Kb7 65. Kb5 Rxa7 66. Rxa7+
Kxa7 {Game drawn because neither player has mating material} 1/2-1/2

[Event "Team 45 45 League T95"]
[Site "Internet Chess Club"]
[Date "2023.02.13"]
[Round "5"]
[White "thundercat1"]
[Black "pandaknight"]
[Result "0-1"]
[WhiteElo "1009"]
[BlackElo "1181"]
[Opening "Queen's pawn game, Darooha variation "]
[ECO "D02"]
[Time "22:04:23"]
[PlyCount "86"]
[TimeControl "2700+45"]

1. Nf3 d5 2. d4 Nf6 3. g3 Bf5 4. Bg2 e6 5. Ne5 Nbd7 6. Bf4 Nxe5 7. Bxe5 Bd6 8.
Bxf6 Qxf6 9. Na3 Bxa3 10. bxa3 c5 11. c3 O-O 12. O-O cxd4 13. cxd4 Rfc8 14. e3
Rc2 15. a4 Rac8 16. g4 Bg6 17. Qe1 R8c4 18. Qa5 a6 19. Qb6 Qe7 20. Qa7 h6 21.
Qb8+ Kh7 22. a5 Qa3 23. Qxb7 Qxa5 24. a3 R2c3 25. Qe7 Ra4 26. Ra2 Raxa3 27. Rb2
Rab3 28. Rd2 Rxe3 29. Rdd1 Re2 30. Ra1 Qd2 31. Rad1 Qf4 32. Qh4 Rbb2 33. Ra1 Ra2
34. Rac1 Qxd4 35. Bf3 Rec2 36. Rcd1 Qb6 37. Rb1 Rcb2 38. Rbc1 a5 39. Rc8 f6 40.
Rfc1 Rxf2 41. Rf1 Rxh2+ 42. Rf2 Rxh4 43. Kg2 Qxf2# {White checkmated} 0-1

[Event "Team 45 45 League T95"]
[Site "Internet Chess Club"]
[Date "2023.02.12"]
[Round "5"]
[White "NATYNL09"]
[Black "oldbookseller"]
[Result "1-0"]
[WhiteElo "1104"]
[BlackElo "899"]
[Opening "Philidor's defense"]
[ECO "C41"]
[Time "12:01:10"]
[PlyCount "31"]
[TimeControl "2700+45"]

1. e4 e5 2. Nf3 d6 3. h3 g6 4. Bc4 Qe7 5. d3 Bg7 6. Nc3 Nc6 7. Be3 f5 8. Nd5 Qd7
9. exf5 gxf5 10. Bg5 e4 11. dxe4 fxe4 12. Qe2 Nge7 13. Qxe4 O-O 14. Nxe7+ Kh8
15. Ng6+ hxg6 16. Qh4+ {Black resigns} 1-0

[Event "Team 45 45 League T95"]
[Site "Internet Chess Club"]
[Date "2023.02.08"]
[Round "5"]
[White "ChessMaine"]
[Black "tightfist"]
[Result "1-0"]
[WhiteElo "1458"]
[BlackElo "1360"]
[Opening "Queen's pawn: stonewall attack"]
[ECO "A45"]
[Time "19:19:41"]
[PlyCount "35"]
[TimeControl "2700+45"]

1. d4 Nf6 2. e3 d5 3. Bd3 Nc6 4. f4 e6 5. c3 Bd6 6. Nd2 O-O 7. Ngf3 b6 8. Ne5
Bb7 9. O-O a6 10. Rf3 Ne7 11. Rh3 c5 12. Bxh7+ Kh8 13. Bc2+ Kg8 14. Qe1 Nf5 15.
Bxf5 exf5 16. Qh4 Nh5 17. Qxh5 Qh4 18. Qxh4 {Black resigns} 1-0

[Event "Team 45 45 League T95"]
[Site "Internet Chess Club"]
[Date "2023.02.13"]
[Round "5"]
[White "Kingofknights"]
[Black "Visin"]
[Result "1-0"]
[WhiteElo "1525"]
[BlackElo "1213"]
[Opening "QGA, 4.Nc3"]
[ECO "D24"]
[Time "12:00:52"]
[PlyCount "47"]
[TimeControl "2700+45"]

1. d4 d5 2. c4 dxc4 3. Nf3 Nf6 4. Nc3 Bg4 5. Ne5 Be6 6. e4 c6 7. a4 Nbd7 8. Nxc4
Bxc4 9. Bxc4 e6 10. Bg5 Be7 11. O-O O-O 12. Qe2 h6 13. Bh4 Nh7 14. Bxe7 Qxe7 15.
e5 Nb6 16. Bd3 f5 17. exf6 Qxf6 18. Rad1 Rad8 19. Bb1 Ng5 20. f4 Nf7 21. Ne4 Qe7
22. Nc5 Rd6 23. Qe4 g6 24. Qxg6+ {Black resigns} 1-0

[Event "Team 45 45 League T95"]
[Site "Internet Chess Club"]
[Date "2023.02.11"]
[Round "5"]
[White "bardu"]
[Black "rjhoro"]
[Result "1-0"]
[WhiteElo "1205"]
[BlackElo "1138"]
[Opening "QGD: Orthodox defense, Rubinstein variation"]
[ECO "D61"]
[Time "10:03:35"]
[PlyCount "94"]
[TimeControl "2700+45"]

1. d4 d5 2. c4 e6 3. Nc3 Nf6 4. Bg5 Be7 5. e3 Nbd7 6. Nf3 O-O 7. Qc2 h6 8. Bh4
c5 9. cxd5 exd5 10. Be2 cxd4 11. exd4 a6 12. a4 Re8 13. O-O Qc7 14. Rac1 Ne4 15.
Nxd5 Qxc2 16. Nxe7+ Kh8 17. Rxc2 g5 18. Nxc8 Raxc8 19. Rxc8 Rxc8 20. Bg3 Rc2 21.
Bd3 Nxg3 22. hxg3 Rxb2 23. Re1 Nf6 24. Rb1 Ra2 25. Rxb7 Kg7 26. Ne5 Rxa4 27.
Rxf7+ Kg8 28. Bh7+ Nxh7 29. Ra7 Rxd4 30. Rxa6 Kg7 31. Ra7+ Kg8 32. f3 Nf6 33.
Kh2 Rd5 34. Ra6 Nh5 35. Ng4 Ng7 36. Nxh6+ Kh7 37. Ng4 Rf5 38. Rh6+ Kg8 39. Nf6+
Kf7 40. Ne4 Kg8 41. g4 Rf7 42. Rg6 Kf8 43. Rxg5 Kg8 44. Ra5 Kh7 45. Ng5+ Kg8 46.
Nxf7 Kxf7 47. Kh3 Kg6 {Black resigns} 1-0

[Event "Team 45 45 League T95"]
[Site "Internet Chess Club"]
[Date "2023.02.12"]
[Round "5"]
[White "Balderdash"]
[Black "tamky70"]
[Result "1/2-1/2"]
[WhiteElo "1228"]
[BlackElo "1260"]
[Opening "Caro-Kann: anti-Caro-Kann defense"]
[ECO "B10"]
[Time "10:01:04"]
[PlyCount "126"]
[TimeControl "2700+45"]

1. e4 c6 2. c4 e5 3. Nf3 d6 4. Nc3 Nf6 5. b4 Be7 6. Qa4 O-O 7. b5 Bg4 8. Be2 a6
9. bxc6 Nxc6 10. Nd5 Nxd5 11. cxd5 Nb8 12. d4 Nd7 13. h3 Bxf3 14. Bxf3 exd4 15.
Qxd4 Bf6 16. e5 Bxe5 17. Qg4 Bxa1 18. O-O Bf6 19. Be4 Ne5 20. Qh5 Ng6 21. g4 Qe7
22. Re1 Qe5 23. g5 Nf4 24. Bxh7+ Kh8 25. Rxe5 Nxh5 26. Re4 Kxh7 27. gxf6 Nxf6
28. Rh4+ Kg8 29. Bg5 Nh7 30. Be3 Rae8 31. Rb4 Nf6 32. Rxb7 Nxd5 33. Bd2 Rc8 34.
Rd7 Rc6 35. Rb7 Re8 36. h4 Re7 37. Rb8+ Kh7 38. Rb3 Re4 39. Rf3 f6 40. h5 Rg4+
41. Kf1 Nb6 42. h6 Nc4 43. Be1 Ne5 44. Rh3 gxh6 45. Bd2 Rg6 46. f4 Nc4 47. Be1
d5 48. f5 Rg5 49. Rf3 Rb6 50. Bh4 Nd2+ 51. Ke2 Nxf3 52. Kxf3 Rxf5+ 53. Ke3 Rf1
54. Kd3 Kg6 55. Kc3 Rh1 56. Bf2 Re6 57. Kb4 Rh2 58. Bg3 Rxa2 59. Kc5 Ra5+ 60.
Kb4 Rb5+ 61. Ka4 Re4+ 62. Ka3 Re3+ 63. Ka4 Rxg3 {White stalemated} 1/2-1/2